 Dungeon Crawl Stone Soup version 0.31.0-10-gcf4a605ca0 (webtiles) character file.

Game seed: 4471328101099818617

1562 hawla the Thaumaturge (level 8, 0/43 HPs)
             Began as a Deep Elf Fire Elementalist on Jan 24, 2024.
             Hit by a large rock thrown by a cyclops (27 damage)
             ... on level 6 of the Dungeon on Jan 25, 2024.
             The game lasted 00:19:49 (4767 turns).

hawla the Thaumaturge (Deep Elf Fire Elementalist)  Turns: 4767, Time: 00:19:49

Health: 0/43       AC:  5    Str:  5    XL:     8   Next: 58%
Magic:  9/22       EV: 14    Int: 23    God:
Gold:   319        SH:  0    Dex: 13    Spells: 13/23 levels left

rFire   + . .        s - staff of earth
rCold   . . .        (no shield)
rNeg    . . .        a - +0 robe
rPois   .            (helmet restricted)
rElec   .            f - +0 cloak
rCorr   .            (no gloves)
SInv    .            (no boots)
Will    .....        e - amulet of magic regeneration
Stlth   ++           c - ring of protection from fire
HPRegen 0.27/turn    (no ring)
MPRegen 0.58/turn

%: no passive effects
@: no status effects
A: horns 1, iridescent scales 1, clumsy 1, mutation resistance 1
a: no special abilities


You were on level 6 of the Dungeon.
You visited 2 branches of the dungeon, and saw 7 of its levels.
You also visited: Sewer.

You collected 319 gold pieces.

Inventory:

Armour
 a - a +0 robe (worn)
 f - a +0 cloak (worn)
Magical Staves
 s - a staff of earth (weapon)
Jewellery
 c - a ring of protection from fire (left hand)
 e - an amulet of magic regeneration (around neck)
Wands
 j - a wand of iceblast (4)
 o - a wand of flame (16)
Scrolls
 d - a scroll of amnesia {unknown}
 l - 5 scrolls of immolation
 q - a scroll of teleportation
 r - a scroll of fear
 u - a scroll of revelation {unknown}
Potions
 b - 3 potions of magic
 g - a potion of heal wounds
 h - 3 potions of haste {unknown}
 i - a potion of invisibility
 k - a potion of enlightenment
 m - 2 potions of berserk rage {unknown}
 n - 2 potions of degeneration {unknown}
 p - a potion of brilliance {unknown}
 t - a potion of lignification {unknown}


   Skills:
 - Level 1.0 Fighting
 + Level 2.1 Staves
 + Level 5.9 Dodging
 - Level 3.0 Stealth
 - Level 8.0 Spellcasting
 + Level 5.7 Conjurations
 - Level 1.6 Hexes
 - Level 6.0 Fire Magic
 * Level 1.1 Earth Magic
 * Level 1.1 Evocations


You had 13 spell levels left.
You knew the following spells:

 Your Spells              Type           Power      Damage    Failure   Level
a - Foxfire               Conj/Fire      100%       2x1d9     1%          1
b - Scorch                Fire           72%        2d8       1%          2
c - Inner Flame           Hex/Fire       26%        N/A       4%          3
d - Flame Wave            Conj/Fire      36%        2d10      6%          4

Your spell library contained the following spells:

 Spells                   Type           Power      Damage    Failure   Level
 Volatile Blastmotes      Fire/Tloc      46%        2d13      6%          3
 Summon Ice Beast         Ice/Summ       9%         N/A       21%         3
 Summon Mana Viper        Hex/Summ       13%        N/A       80%         5
 Malign Gateway           Summ/Tloc      4%         N/A       100%        7
 Monstrous Menagerie      Summ           4%         N/A       100%        7
 Summon Horrible Things   Summ           4%         N/A       100%        8


Dungeon Overview and Level Annotations

Branches:
Dungeon (6/15)             Temple (1/1) D:5           Sewer (visited)

Altars:
Ashenzari
Cheibriados
Dithmenos
Elyvilon
Gozag
Hepliaklqana
Kikubaaqudgha
Makhleb
Qazlal
Sif Muna
Trog
Uskayaw
Wu Jian
Yredelemnul
Zin
The Shining One


Innate Abilities, Weirdness & Mutations

You have a pair of small horns on your head.
You are partially covered in iridescent scales. (AC +2)
You are clumsy. (Dex -2)
You are somewhat resistant to further mutation.


Message History

Aiming: Inner Flame (dangerous; 4% risk of failure)
Press: ? - help, Dir - move target, f - cyclops
Aim: a cyclops, quivering large rocks (chance to affect: 67%)
The cyclops struggles to resist.
An orc priest comes into view. It is wielding a +0 trident.
Unknown command.
Casting: Inner Flame (dangerous; 4% risk of failure)
Confirm with . or Enter, or press ? or * to list all spells.
Aiming: Inner Flame (dangerous; 4% risk of failure)
Press: ? - help, Dir - move target, f/p - cyclops
Aim: a cyclops, quivering large rocks (chance to affect: 67%)
The cyclops struggles to resist.
Okay, then.
Casting: Inner Flame (dangerous; 4% risk of failure)
Confirm with . or Enter, or press ? or * to list all spells.
You conjure some foxfire!
The orc priest miscasts a cantrip.
Casting: Foxfire (safe; 1% risk of failure)
Confirm with . or Enter, or press ? or * to list all spells.
Flames lash the cyclops.
The cyclops is lightly wounded.
The cyclops's fire resistance burns away.
The foxfire hits the cyclops.
The cyclops is burned terribly!
The cyclops is lightly wounded.
The foxfire hits the cyclops.
The cyclops is burned terribly!
The cyclops is moderately wounded.
Casting: Scorch (safe; 1% risk of failure)
Confirm with . or Enter, or press ? or * to list all spells.
You conjure some foxfire!
Casting: Foxfire (safe; 1% risk of failure)
Confirm with . or Enter, or press ? or * to list all spells.
Flames lash the cyclops.
The cyclops is burned terribly!
The cyclops is heavily wounded.
The foxfire hits the cyclops!
The cyclops is burned terribly!
The cyclops is severely wounded.
The foxfire hits the cyclops.
The cyclops is severely wounded.
The cyclops throws a large rock.
The large rock hits you!!
Ouch! That really hurt!
You die...

#.# #...#
#.###...###
#.#.......#
#.......>.####.##
#..............(.
#<###...#.##.###
#.# #...#.# # ..#
##.##.##.##..<
..##
#.##.@.C....# #..
#.##.§......# #..
#.##...o..... #..
#.###..○)...# ##.
#.. ........# #.#
##$#.#.## #.#
#.##.# . #


You could see a cyclops (combustible) and an orc priest.

Vanquished Creatures
  Sigmund (D:3)
  A black bear (D:5)
  An ogre (D:4)
  A phantom (D:5)
  A brain worm (Sewer)
  5 kobold brigands (Sewer)
  A bullfrog (D:6)
  A scorpion (D:4)
  2 electric eels (D:4)
  2 bombardier beetles (D:5)
  2 orc priests
  3 hounds
  An iguana (D:6)
  An orc wizard (D:3)
  Natasha (thrice) (D:3)
  3 gnolls (D:3)
  9 adders
  A white imp (D:5)
  2 ufetubi (D:5)
  3 ribbon worms
  4 dart slugs
  7 orcs
  6 bats
  4 endoplasms
  3 giant cockroaches
  4 hobgoblins
  5 jackals (D:3)
  19 kobolds
  6 quokkas
  9 ball pythons
  4 frilled lizards
  4 goblins
  4 rats
123 creatures vanquished.

Vanquished Creatures (collateral kills)
  3 foxfires
3 creatures vanquished.

Vanquished Creatures (others)
  313 foxfires
313 creatures vanquished.

Grand Total: 439 creatures vanquished

Notes
Turn   | Place    | Note
-------+----------+-------------------------------------------
     0 | D:1      | hawla the Deep Elf Fire Elementalist began the quest for
                  | the Orb.
     0 | D:1      | Reached XP level 1. HP: 10/10 MP: 6/6
   466 | D:1      | Reached XP level 2. HP: 14/15 MP: 5/8
   541 | D:1      | Learned a level 2 spell: Scorch
  1348 | D:2      | Reached XP level 3. HP: 9/19 MP: 2/10
  1436 | D:2      | Found a faded altar of an unknown god.
  1665 | D:2      | Reached skill level 4 in Spellcasting
  1722 | D:3      | Gained mutation: You have a pair of small horns on your
                  | head. [potion of mutation]
  1722 | D:3      | Gained mutation: Your body sometimes deteriorates upon
                  | taking damage. [potion of mutation]
  1722 | D:3      | Gained mutation: Your muscles are strong. (Str +4, Int/Dex
                  | -1) [potion of mutation]
  1764 | D:3      | Noticed Natasha
  1769 | D:3      | Killed Natasha
  1770 | D:3      | Reached XP level 4. HP: 24/24 MP: 8/12
  1782 | D:3      | Found a glowing drain.
  1806 | Sewer    | Entered a sewer
  1868 | Sewer    | Learned a level 3 spell: Inner Flame
  1889 | Sewer    | Noticed a brain worm
  1894 | Sewer    | Killed a brain worm
  1895 | Sewer    | Reached skill level 5 in Spellcasting
  1895 | Sewer    | Reached skill level 1 in Hexes
  1895 | Sewer    | Reached XP level 5. HP: 23/28 MP: 2/14
  2235 | Sewer    | Learned a level 4 spell: Flame Wave
  2293 | Sewer    | Reached XP level 6. HP: 27/32 MP: 10/16
  2396 | Sewer    | Reached skill level 6 in Spellcasting
  2477 | Sewer    | Lost mutation: Your body sometimes deteriorates upon taking
                  | damage. [potion of mutation]
  2477 | Sewer    | Lost mutation: Your muscles are strong. (Str +4, Int/Dex
                  | -1) [potion of mutation]
  2477 | Sewer    | Gained mutation: You are clumsy. (Dex -2) [potion of
                  | mutation]
  2477 | Sewer    | Gained mutation: You are partially covered in iridescent
                  | scales. (AC +2) [potion of mutation]
  2477 | Sewer    | Gained mutation: You are somewhat resistant to further
                  | mutation. [potion of mutation]
  2485 | D:3      | Reached XP level 7. HP: 35/36 MP: 12/18
  2494 | D:3      | Reached skill level 5 in Conjurations
  2702 | D:3      | Noticed Sigmund
  2714 | D:3      | Killed Sigmund
  2715 | D:3      | Reached skill level 5 in Fire Magic
  3087 | D:3      | Noticed Natasha
  3089 | D:3      | Killed Natasha
  3122 | D:3      | Noticed Natasha
  3127 | D:3      | Killed Natasha
  3312 | D:3      | Found a faded altar of an unknown god.
  3313 | D:3      | Found a hazy altar of Hepliaklqana.
  3508 | D:4      | Reached skill level 5 in Dodging
  3508 | D:4      | Reached skill level 7 in Spellcasting
  3618 | D:4      | Reached XP level 8. HP: 39/41 MP: 15/21
  3871 | D:4      | Found a transporter.
  3909 | D:4      | Reached skill level 8 in Spellcasting
  3975 | D:4      | Found a transporter.
  3986 | D:4      | Upgraded the game from 0.31.0-9-g3a7656b989 to
                  | 0.31.0-10-gcf4a605ca0
  4153 | D:4      | Found a bloodstained altar of Trog.
  4222 | D:5      | Entered Level 5 of the Dungeon
  4237 | D:5      | Found a staircase to the Ecumenical Temple.
  4280 | Temple   | Entered the Ecumenical Temple
  4314 | D:5      | Reached skill level 1 in Staves
  4367 | D:5      | Found an opulent altar of Gozag.
  4388 | D:5      | Reached skill level 1 in Fighting
  4578 | D:5      | Found an ancient bone altar of Kikubaaqudgha.
  4634 | D:5      | Found a glowing golden altar of the Shining One.
  4750 | D:6      | Reached skill level 1 in Earth Magic
  4750 | D:6      | Reached skill level 1 in Evocations
  4761 | D:6      | Noticed a cyclops
  4767 | D:6      | Hit by a large rock thrown by a cyclops

Illustrated notes

Levels and vault maps discovered:
D:1:      wheals_arrival_linesprint, layout_loops_ring, serial_rivers,
          chequers_serial_rivers_marsh, chequers_serial_rivers_micro_a,
          chequers_serial_rivers_large_a, chequers_serial_rivers_marsh
D:2:      layout_rooms, hellmonk_ecumenical_altar_pennies_from_heaven,
          st_stairs_5
D:3:      layout_basic, beargit_hepliaklqana_dungeon_heroes,
          cheibrodos_sewer_entry_drain, uniq_natasha, uniq_sigmund
D:4:      gammafunk_steamed_eel, layout_basic, mainiacjoe_overflow_catwalk
D:5:      layout_gridville, mainiacjoe_overflow_paths,
          kiku_gazebo_garden_becter, nicolae_tso_swordbearing_angel,
          minmay_temple_entry_grid
D:6:      layout_loops_ring, mainiacjoe_overflow_tiny_flanked
Temple:   grunt_temple_mini_profane

Skill      XL: |  1  2  3  4  5  6  7  8 |
---------------+-------------------------+-----
Conjurations   | 2 3 4 5 |  5.7
Spellcasting   | 4 5 6 7 8 |  8.0
Fire Magic     | 4 6 |  6.0
Hexes          | 1 |  1.6
Dodging        | 3 5 |  5.9
Stealth        | 3 |  3.0
Staves         | 2 |  2.1
Fighting       | 1 |  1.0
Earth Magic    | 1 |  1.1
Evocations     | 1 |  1.1

Action                     |  1- 3 |  4- 6 |  7- 9 || total
---------------------------+-------+-------+-------++-------
  Melee: Unarmed           |     2 |       |    10 ||    12
         Headbutt          |       |       |     5 ||     5
         Staff             |       |       |     5 ||     5
   Cast: Foxfire           |    50 |    26 |   106 ||   182
         Scorch            |     3 |     6 |    29 ||    38
         Inner Flame       |       |     5 |    10 ||    15
         Flame Wave        |       |     1 |     1 ||     2
    Use: Scroll            |     4 |     1 |     6 ||    11
         Potion            |     1 |     2 |     1 ||     4
   Stab: Sleeping          |     1 |       |       ||     1
 Armour: Robe              |    14 |    15 |    26 ||    55
  Dodge: Dodged            |    13 |     5 |    14 ||    32
